 Dungeon Crawl Stone Soup version 0.27.1-33-g824d729ab1 (webtiles) character file.

Game seed: 8378458653940797860

943 comborobin the Slicer (level 8, -3/62 HPs)
             Began as a Merfolk Delver on Dec 28, 2021.
             Slain by a gnoll (10 damage)
             ... on level 5 of the Dungeon.
             The game lasted 00:05:23 (2940 turns).

comborobin the Slicer (Merfolk Delver)              Turns: 2940, Time: 00:05:24

Health: -3/62      AC:  3    Str: 14    XL:     8   Next: 12%
Magic:  8/8        EV: 28    Int:  9    God:
Gold:   117        SH:  0    Dex: 16    Spells: 6/7 levels left

rFire    . . .     SeeInvis .   k - +2 dagger (elec)
rCold    . . .     Faith    .   (no shield)
rNeg     . . .     Spirit   .   b - +0 leather armour
rPois    .         Reflect  .   (no helmet)
rElec    .         Harm     .   (no cloak)
rCorr    .         Rampage  .   (no gloves)
Will     .....                  (no boots)
Stlth    +++.......             n - amulet of the acrobat
HPRegen  0.20/turn              o - ring of wizardry
MPRegen  0.11/turn              (no ring)

@: acrobatic
A: (nimble swimmer 2), mertail
a: no special abilities


You were on level 5 of the Dungeon.
You visited 1 branch of the dungeon, and saw 4 of its levels.

You collected 117 gold pieces.

Inventory:

Hand Weapons
 a - a +0 short sword of flaming
 k - a +2 dagger of electrocution (weapon)
 l - a +0 spectral falchion
Armour
 b - a +0 leather armour (worn)
Magical Staves
 h - a staff of earth
Jewellery
 d - an amulet of guardian spirit
 n - an amulet of the acrobat (around neck)
 o - a ring of wizardry (left hand)
Wands
 g - a wand of digging (3)
 m - a wand of paralysis (4)
Scrolls
 f - 2 scrolls of identify


   Skills:
 + Level 5.0 Fighting
 * Level 9.4 Short Blades
 + Level 4.7 Dodging
 - Level 5.8 Stealth


You had 6 spell levels left.
You knew the following spells:

 Your Spells              Type           Power      Damage    Failure   Level
A - Apportation           Tloc           0%         N/A       21%         1

Your spell library contained the following spells:

 Spells                   Type           Power      Damage    Failure   Level
 Animate Skeleton         Necr           0%         N/A       21%         1
 Corona                   Hex            0%         N/A       21%         1
 Summon Small Mammal      Summ           0%         N/A       21%         1
 Gell's Gravitas          Tloc           0%         N/A       50%         3
 Lesser Beckoning         Tloc           0%         N/A       50%         3
 Teleport Other           Tloc           0%         N/A       50%         3
 Olgreb's Toxic Radiance  Pois           0%         N/A       87%         4
 Iskenderun's Battlesphe  Conj           0%         2d6       99%         5
 Iron Shot                Conj/Erth      0%         9d1       100%        6
 Ozocubu's Refrigeration  Ice            0%         4d5       100%        7
 Spellforged Servitor     Conj/Summ      0%         N/A       100%        7
 Ignition                 Fire           0%         3d3       100%        8


Dungeon Overview and Level Annotations

Branches:
Dungeon (6/15)
 Temple: D:4-7

Altars:


Innate Abilities, Weirdness & Mutations

((You are quick and stealthy near water. (Stealth+, EV+, Speed+++)))
Your lower body shifts to a powerful aquatic tail in water.


Message History

You hit the hound.
The hound is moderately wounded.
The hound bites you but does no damage.
You closely miss the hound.
The hound is moderately wounded.
The gnoll hits you but does no damage. The hound bites you but does no damage.
You hit the hound. Lightning courses through the hound!!
You kill the hound!
An orc priest comes into view. It is wielding a +0 dagger.
You hit the gnoll. Lightning courses through the gnoll!
You kill the gnoll!
A killer bee comes into view.
The gnoll hits you but does no damage.
You cannot move.
An orc wizard comes into view. It is wielding a +0 dagger.
The gnoll hits you from afar with a +0 spear.
* * * LOW HITPOINT WARNING * * *
As you read the scroll of fog, it crumbles to dust.
The scroll dissolves into smoke.
The gnoll hits you but does no damage.
Unknown command.
Unknown command.
The gnoll hits you but does no damage.
Your transformation is almost over.
The gnoll hits you but does no damage.
The gnoll hits you from afar with a +0 spear.
* * * LOW HITPOINT WARNING * * *
The gnoll hits you but does no damage.
The gnoll hits you from afar with a +0 spear.
* * * LOW HITPOINT WARNING * * *
The gnoll barely misses you. The gnoll hits you but does no damage.
The gnoll hits you but does no damage. The gnoll hits you but does no damage.
The gnoll hits you but does no damage. The gnoll barely misses you.
You feel less wooden.
Your +0 leather armour unmelds from your body.
The gnoll barely misses you.
The gnoll hits you from afar with a +0 spear!
You die...

#.............o..##.#.
#................##...
#.)..........o...###..
##>........o..........
##.....#.y.(....####.
#######§####...#
#§g§y§# ...# ##§#####
..# #§@# #......§..#
#...[§.§.....
#.........####
###########


You could see a gnoll.

Vanquished Creatures
  2 black bears
  A necrophage (D:4)
  An ogre (D:5)
  A water moccasin zombie (D:4)
  3 wights
  5 hounds
  An iguana (D:4)
  4 orc wizards
  5 gnolls
  A howler monkey skeleton (D:5)
  An adder (D:3)
  A white imp (D:6)
  2 worms
  A dart slug (D:4)
  14 orcs
  3 ball pythons
  3 endoplasms
  4 goblins
  2 hobgoblins (D:4)
  5 kobolds (D:4)
  2 frilled lizards (D:3)
  A rat (D:3)
63 creatures vanquished.

Notes
Turn   | Place    | Note
-------+----------+-------------------------------------------
     0 | D:5      | comborobin the Merfolk Delver began the quest for the Orb.
     0 | D:5      | Reached XP level 1. HP: 18/18 MP: 1/1
    36 | D:5      | Reached XP level 2. HP: 17/24 MP: 2/2
   253 | D:4      | Reached skill level 3 in Short Blades
   314 | D:3      | Reached XP level 3. HP: 30/30 MP: 3/3
   731 | D:3      | Reached skill level 4 in Short Blades
   731 | D:3      | Reached XP level 4. HP: 23/37 MP: 1/4
  1149 | D:4      | Learned a level 1 spell: Apportation
  1180 | D:4      | Reached skill level 5 in Short Blades
  1180 | D:4      | Reached XP level 5. HP: 42/42 MP: 5/5
  1246 | D:4      | Reached skill level 6 in Short Blades
  1909 | D:4      | Noticed a black bear
  1914 | D:4      | Killed a black bear
  1915 | D:4      | Reached skill level 7 in Short Blades
  1915 | D:4      | Reached XP level 6. HP: 45/48 MP: 6/6
  2043 | D:4      | Noticed a necrophage
  2054 | D:4      | Killed a necrophage
  2072 | D:4      | Reached skill level 8 in Short Blades
  2107 | D:4      | Reached XP level 7. HP: 23/54 MP: 7/7
  2721 | D:6      | Reached skill level 9 in Short Blades
  2878 | D:5      | Reached XP level 8. HP: 61/61 MP: 8/8
  2890 | D:5      | Reached skill level 5 in Fighting
  2940 | D:5      | Slain by a gnoll

Illustrated notes

Levels and vault maps discovered:
D:3:      layout_loops_ring
D:4:      layout_loops_ring, grunt_ministairs_8
D:5:      layout_rooms, minmay_temple_entry_stoned_glass, lightli_minifort
D:6:      layout_basic, uniq_grinder, uniq_prince_ribbit1

Skill      XL: |  1  2  3  4  5  6  7  8 |
---------------+-------------------------+-----
Short Blades   | 3 4 5 7 8 9 |  9.4
Fighting       | 4 5 |  5.0
Dodging        | 3 4 |  4.7
Stealth        | |  5.8

Action                   |  1- 3 |  4- 6 |  7- 9 || total
-------------------------+-------+-------+-------++-------
Melee: Short sword       |    61 |       |       ||    61
       Dagger            |    13 |   112 |    87 ||   212
  Use: Scroll            |     1 |     6 |     3 ||    10
       Potion            |       |     2 |     3 ||     5
 Stab: Sleeping          |     2 |     2 |       ||     4
Armor: Leather armour    |    13 |     8 |     7 ||    28
       Skin              |       |       |    31 ||    31
Dodge: Dodged            |    30 |    51 |    44 ||   125
